 Dungeon Crawl Stone Soup version 0.27.1-3-gb3d3a73c9e (webtiles) character file.

Game seed: 4125931367555364556

110 ZARRMARR the Conjurer (level 4, 0/29 HPs)
             Began as an Octopode Conjurer on Oct 23, 2021.
             Slain by Ijyb (3 damage)
             ... on level 3 of the Dungeon.
             The game lasted 00:04:28 (2637 turns).

ZARRMARR the Conjurer (Octopode Conjurer)           Turns: 2637, Time: 00:04:28

Health: 0/29       AC:  1    Str:  6    XL:     4   Next: 91%
Magic:  0/8        EV: 13    Int: 21    God:
Gold:   98         SH:  0    Dex: 10    Spells: 5/8 levels left

rFire    . . .     SeeInvis .   b - +3 short sword (freeze)
rCold    . . .     Faith    .   (no shield)
rNeg     . . .     Spirit   .   (helmet restricted)
rPois    .         Reflect  .   (no amulet)
rElec    .         Harm     .   (no ring)
rCorr    .         Rampage  .   (no ring)
Will     .....                  (no ring)
Stlth    +++.......             (no ring)
HPRegen  0.09/turn              (no ring)
MPRegen  0.11/turn              (no ring)
                                (no ring)
                                (no ring)

@: no status effects
A: almost no armour, amphibious, 8 rings, camouflage 1, gelatinous body 1,
(nimble swimmer 1), tentacles
a: no special abilities


You were on level 3 of the Dungeon.
You visited 1 branch of the dungeon, and saw 3 of its levels.

You collected 98 gold pieces.

Inventory:

Hand Weapons
 b - a +3 short sword of freezing (weapon)
Scrolls
 i - a scroll of vulnerability
 j - a scroll of amnesia
 k - a scroll of noise {unknown}
Potions
 a - a potion of berserk rage {unknown}
 c - a potion of degeneration {unknown}
 d - a potion of flight {unknown}
 e - a potion of brilliance {unknown}
 f - a potion of heal wounds {unknown}


   Skills:
 + Level 1.9 Fighting
 + Level 2.9 Dodging
 - Level 2.6 Stealth
 + Level 2.8 Spellcasting
 + Level 4.6 Conjurations


You had 5 spell levels left.
You knew the following spells:

 Your Spells              Type           Power      Damage    Failure   Level
a - Magic Dart            Conj           88%        1d7       1%          1
b - Searing Ray           Conj           44%        3d4       3%          2

Your spell library contained the following spells:

 Spells                   Type           Power      Damage    Failure   Level
 Static Discharge         Conj/Air       12%        N/A       8%          2
 Beastly Appendage        Tmut           6%         N/A       14%         1
 Dazzling Flash           Conj/Hex       24%        N/A       16%         3
 Wereblood                Tmut           3%         N/A       21%         2
 Spider Form              Tmut/Pois      1%         N/A       38%         3
 Fulminant Prism          Conj/Hex       6%         3d7       45%         4
 Iskenderun's Mystic Bla  Conj/Tloc      12%        2d5       45%         4
 Lightning Bolt           Conj/Air       6%         1d18      82%         5
 Maxwell's Capacitive Co  Air            1%         ∞         100%        8


Dungeon Overview and Level Annotations

Branches:
Dungeon (3/15)

Altars:
Wu Jian

Annotations:
D:3 Ijyb


Innate Abilities, Weirdness & Mutations

You cannot wear most types of armour.
You are amphibious.
You can wear up to eight rings at the same time.
Your skin changes colour to match your surroundings (Stealth+).
Your rubbery body absorbs attacks. (AC +1, EV +1)
((You are camouflaged near water. (Stealth+)))
You have tentacles for arms and can constrict up to eight enemies at once.


Message History

You constrict Ijyb, but do no damage.
Jessica mumbles some strange words.
Jessica blinks free!
Ijyb closely misses you.
Unknown command.
You hit Ijyb. You freeze Ijyb.
Ijyb is moderately wounded.
You constrict Ijyb.
Jessica mumbles some strange words.
Jessica seems to speed up.
Ijyb zaps a wand.
You resist with some effort.
You hit Ijyb. You freeze Ijyb.
Ijyb is heavily wounded.
You constrict Ijyb.
Ijyb drinks a potion.
Ijyb is healed!
You hit Ijyb. You freeze Ijyb.
Ijyb is heavily wounded.
You constrict Ijyb, but do no damage. Jessica says, "Why did you come here?"
Jessica gestures wildly while chanting.
Jessica blinks!
Ijyb zaps a wand.
You suddenly lose the ability to move!
You lose your grip on Ijyb.
Ijyb zaps a wand.
You resist with some effort. Ijyb hits you with a +0 club.
Ijyb hits you with a +0 club.
* * * LOW HITPOINT WARNING * * *
You can move again.
Unknown command.
Casting: Magic Dart (safe; 2% risk of failure)
Confirm with . or Enter, or press ? or * to list all spells.
Aiming: Searing Ray (safe; 3% risk of failure)
Press: ? - help, Shift-Dir - straight line, f - Jessica, p - Ijyb
Aim: Jessica, wielding a +0 dagger and wearing a +0 robe (severely wounded, fast, 78% to hit)
The searing ray misses Ijyb.
The searing ray hits Jessica.
You kill Jessica! (Press . to maintain the ray.) Ijyb hits you with a +0 club.
* * * LOW HITPOINT WARNING * * *
Unknown command.
You closely miss Ijyb. You grab Ijyb.
Ijyb is heavily wounded.
You constrict Ijyb, but do no damage. Ijyb hits you with a +0 club.
You die...

#.# #
##############.#
#
#.....†.....##.#
#
#.#########.##.#
# #.# #.##.###
#.# #....... #.#
####.### #.#
#.### #@# #####
#.... #g###...#
###.# #.).†...#
#.# #####@.<#
#.# ##.## #.# #.
#.# #h #.# #h
#.# #. #.#


You could see Ijyb.

Vanquished Creatures
  Jessica (D:3)
  2 adders
  2 worms
  5 orcs (D:3)
  7 ball pythons
  4 endoplasms
  3 goblins
  4 hobgoblins
  3 jackals (D:3)
  9 kobolds
  3 bats
  5 frilled lizards
  8 rats
56 creatures vanquished.

Vanquished Creatures (others)
  6 fungi (D:2)
  A plant (D:2)
7 creatures vanquished.

Grand Total: 63 creatures vanquished

Notes
Turn   | Place    | Note
-------+----------+-------------------------------------------
     0 | D:1      | ZARRMARR the Octopode Conjurer began the quest for the Orb.
     0 | D:1      | Reached XP level 1. HP: 11/11 MP: 3/3
   282 | D:1      | Reached XP level 2. HP: 3/18 MP: 1/5
   981 | D:1      | Learned a level 2 spell: Searing Ray
  1017 | D:2      | Reached skill level 1 in Fighting
  1162 | D:2      | Found an ornate altar of the Wu Jian Council.
  1168 | D:2      | Reached XP level 3. HP: 23/23 MP: 4/6
  1821 | D:2      | Found a faded altar of an unknown god.
  1952 | D:3      | Noticed Jessica
  1952 | D:3      | Noticed Ijyb
  2016 | D:3      | Reached XP level 4. HP: 17/28 MP: 1/7
  2632 | D:3      | Paralysed by Ijyb for 4 turns
  2636 | D:3      | Killed Jessica
  2637 | D:3      | Slain by Ijyb

Illustrated notes

Levels and vault maps discovered:
D:1:      scummos_arrival_simple_fountains, layout_loops_cross, minmay_cupped
D:2:      layout_basic, basic_altar, shapermc_ecumenical_altar_mp_urbaneastern,
          hangedman_decor_riveting, minmay_pentomino_s4
D:3:      layout_loops_ring, zin_purify, gammafunk_temple_overflow_statue,
          lemuel_coloured_pillars_altar, jmf_multi_god_temple2,
          hangedman_decor_push, eino_curves_04, supply_closet_lemuel,
          uniq_jessica, uniq_robin, uniq_ijyb

Skill      XL: |  1  2 |
---------------+-------+-----
Fighting       | 1 |  1.9
Dodging        | |  2.9
Stealth        | |  2.6
Spellcasting   | |  2.8
Conjurations   | |  4.6

Action                   |  1- 3 |  4- 6 || total
-------------------------+-------+-------++-------
Melee: Unarmed           |    11 |       ||    11
       Tentacles         |     5 |     1 ||     6
       Constrict         |     7 |     4 ||    11
       Short sword       |    12 |    16 ||    28
 Cast: Magic Dart        |    53 |    29 ||    82
       Searing Ray       |       |     1 ||     1
  Use: Scroll            |     7 |       ||     7
 Stab: Sleeping          |     1 |       ||     1
Armor: Skin              |     2 |       ||     2
Dodge: Dodged            |     9 |     6 ||    15
